 Dungeon Crawl Stone Soup version 0.30-a0-576-g89cddaab80 (webtiles) character file.

Game seed: 7865008118862263427

594 Farfigtubin the Chopper (level 7, 0/61 HPs)
             Began as a Hill Orc Fighter on Dec 30, 2022.
             Slain by an ogre
             ... wielding a +0 giant club
              (28 damage)
             ... on level 4 of the Dungeon on Dec 31, 2022.
             The game lasted 00:20:00 (2473 turns).

Farfigtubin the Chopper (Hill Orc Fighter)          Turns: 2473, Time: 00:20:01

Health: 0/61       AC: 12    Str: 21    XL:     7   Next: 39%
Magic:  7/7        EV:  7    Int:  8    God:
Gold:   222        SH:  4    Dex: 10    Spells: 6/6 levels left

rFire   . . .      SeeInvis .    a - +0 war axe
rCold   . . .      Faith    .    c - +0 buckler
rNeg    . . .      Spirit   .    x - +0 chain mail
rPois   .          Reflect  .    (no helmet)
rElec   .          Harm     .    (no cloak)
rCorr   .          Rampage  .    p - +2 pair of gloves
Will    .....                    (no boots) Stlth
                                 (no amulet)
HPRegen 0.30/turn                (no ring)
MPRegen 0.10/turn                (no ring)

@: no status effects
A: no striking features
a: no special abilities


You were on level 4 of the Dungeon.
You visited 1 branch of the dungeon, and saw 4 of its levels.

You collected 222 gold pieces.

Inventory:

Hand Weapons
 a - a +0 war axe (weapon)
Armour
 b - a +0 scale mail
 c - a +0 buckler (worn)
 h - a +1 ring mail of fire resistance
 p - a +2 pair of gloves (worn)
 x - a +0 chain mail (worn)
Wands
 l - a wand of paralysis (10)
 u - a wand of acid (7)
Scrolls
 d - a scroll of acquirement {unknown}
 e - a scroll of vulnerability {unknown}
 f - a scroll of blinking {unknown}
 g - a scroll of magic mapping {unknown}
 i - 2 scrolls of teleportation {unknown}
 j - 2 scrolls of immolation
 q - 3 scrolls of identify
 r - a scroll of brand weapon {unknown}
 s - a scroll of enchant weapon {unknown}
 t - a scroll of fog {unknown}
 v - a scroll of noise {unknown}
Potions
 k - a potion of curing {unknown}
 m - a potion of haste {unknown}
 n - a potion of attraction {unknown}
 o - a potion of experience {unknown}
 w - a potion of lignification {unknown}
 z - a potion of brilliance {unknown}
 A - a potion of resistance {unknown}


   Skills:
 + Level 5.4 Fighting
 + Level 7.3 Axes
 + Level 4.7 Armour
 + Level 1.4 Dodging
 + Level 4.2 Shields
 + Level 0.1 Evocations


You had 6 spell levels left.
You didn't know any spells.
Your spell library contained the following spells:

 Spells                   Type           Power      Damage    Failure   Level
 Kiss of Death            Conj/Necr      0%         2d5       99%         1
 Confusing Touch          Hex            0%         N/A       100%        3
 Ignite Poison            Fire/Tmut/Pois 0%         N/A       100%        3
 Kindle Blastsparks       Fire/Tloc/Air  0%         2d10      100%        3
 Dispel Undead            Necr           0%         3d6       100%        4
 Freezing Cloud           Conj/Ice/Air   0%         6-21      100%        5


Dungeon Overview and Level Annotations

Branches:
Dungeon (4/15)
 Temple: D:4-7

Altars:


Message History

You barely miss the hound.
The hound bites you but does no damage. x2
You hit the hound.
The hound is lightly wounded.
The hound bites you but does no damage.
You slash the hound!
The hound is severely wounded.
The hound completely misses you. You block the hound's attack.
You slash the hound!
You kill the hound!
The giant cockroach completely misses you.
You barely miss the giant cockroach.
The giant cockroach bites you but does no damage.
You slash the giant cockroach!
You kill the giant cockroach!
You see here a necrophage corpse.
q - 3 scrolls of identify (gained 1)
You now have 206 gold pieces (gained 6).
You now have 222 gold pieces (gained 16).
You see here 4 stones.
An ogre comes into view. It is wielding a +0 giant club.
The ogre shouts!
You hit the ogre.
The ogre is lightly wounded.
The ogre hits you with a +0 giant club!
You hit the ogre.
The ogre is moderately wounded.
You block the ogre's attack.
You barely miss the ogre.
The ogre is moderately wounded.
The ogre hits you with a +0 giant club!!
You hit the ogre but do no damage.
The ogre is moderately wounded.
You hit the ogre but do no damage.
The ogre is moderately wounded.
The ogre hits you with a +0 giant club!
An adder comes into view.
You slash the ogre!
The ogre is severely wounded.
The ogre hits you with a +0 giant club!!
You die...

##.###....).<.#...##..)
#.###...#..#.......#..
#..####.##...####.....
##.####...#..## ##....
#.[..#.#.##..#######. .
####...#..#.....## ##
.S.####..)##.#.###..# #
#.......)##...# ##.# #
#.....@..##.### #.# ##
##....O......## #.###.
#.......#....####.....
#.......#.......###.##
.#.##...............>..
.....#.............#..#
###.#...............##..
###.#...............####
#...................##..


You could see an ogre and an adder.

Vanquished Creatures
  A black bear (D:4)
  An ogre (D:4)
  A necrophage (D:4)
  A scorpion (D:4)
  A hound (D:4)
  A gnoll bouda (D:2)
  7 gnolls
  8 adders
  2 worms
  3 dart slugs
  4 orcs (D:3)
  9 endoplasms
  5 giant cockroaches
  11 goblins
  8 hobgoblins
  6 jackals
  6 kobolds
  A quokka (D:4)
  6 ball pythons
  4 bats
  5 frilled lizards
  4 rats
95 creatures vanquished.

Notes
Turn   | Place    | Note
-------+----------+-------------------------------------------
     0 | D:1      | Farfigtubin the Hill Orc Fighter began the quest for the
                  | Orb.
     0 | D:1      | Reached XP level 1. HP: 19/19 MP: 1/1
    89 | D:1      | Found a faded altar of an unknown god.
    97 | D:1      | Reached XP level 2. HP: 18/27 MP: 2/2
   114 | D:1      | Reached skill level 3 in Axes
   229 | D:1      | Reached XP level 3. HP: 31/33 MP: 3/3
   646 | D:2      | Reached XP level 4. HP: 41/41 MP: 4/4
   761 | D:2      | Reached skill level 4 in Axes
  1353 | D:2      | Reached XP level 5. HP: 33/47 MP: 5/5
  1465 | D:2      | Reached skill level 5 in Axes
  1893 | D:3      | Reached skill level 1 in Dodging
  1994 | D:4      | Reached XP level 6. HP: 23/55 MP: 6/6
  1999 | D:4      | Reached skill level 5 in Fighting
  2012 | D:4      | Reached skill level 6 in Axes
  2177 | D:4      | Noticed a black bear
  2242 | D:4      | Killed a black bear
  2243 | D:4      | Reached skill level 7 in Axes
  2243 | D:4      | Reached XP level 7. HP: 61/61 MP: 7/7
  2473 | D:4      | Slain by an ogre

Illustrated notes

Levels and vault maps discovered:
D:1:      lemuel_arrival_behind_the_door_small, layout_rooms,
          basic_ecumenical_altar
D:2:      layout_basic
D:3:      layout_basic, kennysheep_generic_room_5
D:4:      layout_rooms, st_stairs_2

Skill      XL: |  1  2  3  4  5  6 |
---------------+-------------------+-----
Fighting       | 4 5 |  5.4
Axes           | 3 4 5 7 |  7.3
Armour         | 4 |  4.7
Dodging        | 1 |  1.4
Shields        | 4 |  4.2
Evocations     | |  0.1

Action                   |  1- 3 |  4- 6 |  7- 9 || total
-------------------------+-------+-------+-------++-------
Melee: War axe           |    96 |   202 |    24 ||   322
Evoke: Wand              |       |     2 |       ||     2
  Use: Scroll            |       |     1 |       ||     1
       Potion            |       |     1 |       ||     1
 Stab: Paralysed         |       |     4 |       ||     4
Armor: Scale mail        |    21 |       |       ||    21
       Ring mail         |    17 |    72 |       ||    89
       Chain mail        |       |    22 |    13 ||    35
Dodge: Dodged            |    57 |   111 |     7 ||   175
Block: Buckler           |    14 |    59 |     5 ||    78

Table legend: (Time is in decaauts)
 A = Elapsed time spent in this place.
 B = Non-inter-level travel time spent in this place.
 C = Inter-level travel time spent in this place.
 D = Time resting spent in this place.
 E = Time spent auto-exploring this place.
 F = Levels seen in this place.
 G = Mean time per level.
                   A        B        C        D        E       F      G
               +--------+--------+--------+--------+--------+-----+--------+
         Total |   2581 |   2533 |     48 |    336 |    547 |   4 |  645.2 |
       Dungeon |   2581 |   2533 |     48 |    336 |    547 |   4 |  645.2 |
               +--------+--------+--------+--------+--------+-----+--------+

Top non-repeatable levels by time:
     D:2: 1000 daAuts
     D:1: 545 daAuts
     D:4: 544 daAuts
     D:3: 491 daAuts
